 Dungeon Crawl Stone Soup version 0.31-a0-986-g5e6e4ef867 (webtiles) character file.

Game seed: 11791835737281289325

388 Persephone the Chopper (level 6, -1/37 HPs)
             Began as a Gargoyle Fighter on Nov 14, 2023.
             Slain by Menkaure (5 damage)
             ... on level 4 of the Dungeon.
             The game lasted 00:04:59 (3043 turns).

Persephone the Chopper (Gargoyle Fighter)           Turns: 3043, Time: 00:04:59

Health: -1/37      AC: 12    Str: 22    XL:     6   Next: 79%
Magic:  6/6        EV:  9    Int:  8    God:
Gold:   212        SH:  4    Dex:  9    Spells: 5/5 levels left

rFire   . . .        a - +0 war axe
rCold   . . .        c - +0 buckler
rNeg    + . .        b - +1 scale mail
rPois   ∞            (no helmet)
rElec   +            (no cloak)
rCorr   .            (no gloves)
SInv    .            (no boots)
Will    .....        (no amulet) Stlth
                     (no ring)
HPRegen 0.26/turn    (no ring)
MPRegen 0.10/turn

%: no passive effects
@: mighty
A: sickness immunity, AC +4, negative energy resistance 1, electricity
resistance, torment resistance 1, petrification resistance
a: no special abilities


You were on level 4 of the Dungeon.
You visited 1 branch of the dungeon, and saw 4 of its levels.

You collected 212 gold pieces.

Inventory:

Hand Weapons
 a - a +0 war axe (weapon)
Missiles
 i - a throwing net
Armour
 b - a +1 scale mail (worn)
 c - a +0 buckler (worn)
 f - a +0 tower shield
Scrolls
 g - a scroll of revelation
 h - 2 scrolls of torment
 j - a scroll of poison {unknown}
Potions
 e - a potion of mutation
 k - 2 potions of resistance {unknown}
 o - a potion of heal wounds {unknown}


   Skills:
 - Level 3.2 Fighting
 * Level 6.0 Axes
 - Level 3.2 Armour
 + Level 4.1 Shields


You had 5 spell levels left.
You didn't know any spells.
Your spell library contained the following spells:

 Spells                   Type           Power      Damage    Failure   Level
 Gell's Gravitas          Tloc           0%         N/A       99%         3
 Inner Flame              Hex/Fire       0%         N/A       99%         3
 Teleport Other           Tloc           0%         N/A       99%         3
 Summon Ice Beast         Ice/Summ       0%         N/A       100%        4
 Summon Mana Viper        Hex/Summ       0%         N/A       100%        5
 Yara's Violent Unravell  Hex/Tmut       0%         3d3       100%        5
 Dispersal                Tloc           0%         N/A       100%        6
 Enfeeble                 Hex            0%         N/A       100%        7
 Monstrous Menagerie      Summ           0%         N/A       100%        7


Dungeon Overview and Level Annotations

Branches:
Dungeon (4/15)
 Temple: D:4-7

Altars:

Annotations:
D:4 Menkaure


Innate Abilities, Weirdness & Mutations

You are immune to sickness and miasma.
Your stone body is resilient. (AC +4)
You are immune to poison.
You resist negative energy. (rN+)
You are resistant to electric shocks. (rElec)
You are resistant to unholy torment.
You are immune to petrification.


Message History

You slash the phantom!
The phantom is heavily damaged.
The phantom completely misses you. You block the phantom's attack.
You slash the phantom!
The phantom is almost destroyed.
You block the phantom's attack.
You hit the phantom.
The phantom is almost destroyed.
You block the phantom's attack.
You hit the phantom.
You destroy the phantom!
Your Axes skill increases to level 6!
Your Shields skill increases to level 4!
You see here a +0 quarterstaff.
You see here a +0 quarterstaff.
Auto kill stopped - Too dangerous: Extremely Dangerous (1) Dangerous (0) Easy (0) Harmless (0) Menkaure, Prince of Dust comes into view.
Menkaure shouts!
Menkaure gestures wildly while chanting.
Menkaure seems to speed up.
You hear a shout!
A hobgoblin comes into view.
The hobgoblin shouts!
Menkaure hits you!
You slash Menkaure!
Menkaure is moderately damaged.
Menkaure hits you! Menkaure closely misses you.
You barely miss Menkaure.
Menkaure is moderately damaged.
You block Menkaure's attack.
You slash Menkaure!
Menkaure is heavily damaged.
You closely miss the hobgoblin. Menkaure hits you!
* * * LOW HITPOINT WARNING * * *
The hobgoblin completely misses you.
You feel very mighty all of a sudden. You block Menkaure's attack.
The hobgoblin hits you but does no damage.
Menkaure hits you.
You die...

..............##..###..#..#
....#............## ##....#
..............#### ####.#
..............# #.###
..............# #### #...#
..............## #...###.#.#
....###.....#..# #.....##.#.#
........######.##g......#...#
................@M......##..#####
.##.....#######.........#.......#
........ ..........##.).....#
###.... ###.........#.......# #
##......(.#.......# #
.........#.......#
#......<.#.......#
###......#.......# #########


You could see Menkaure (fast) and a hobgoblin.

Vanquished Creatures
  2 phantoms (D:4)
  A gnoll bouda (D:3)
  3 gnolls (D:4)
  8 adders
  A river rat (D:3)
  2 worms
  A dart slug (D:3)
  6 orcs (D:3)
  8 bats
  7 endoplasms
  8 giant cockroaches
  6 goblins
  4 hobgoblins
  8 kobolds
  10 quokkas
  2 ball pythons
  3 frilled lizards
  11 rats
91 creatures vanquished.

Notes
Turn   | Place    | Note
-------+----------+-------------------------------------------
     0 | D:1      | Persephone the Gargoyle Fighter began the quest for the
                  | Orb.
     0 | D:1      | Reached XP level 1. HP: 14/14 MP: 1/1
    35 | D:1      | Reached skill level 2 in Axes
   166 | D:1      | Reached XP level 2. HP: 13/19 MP: 2/2
   568 | D:1      | You fall into a shaft and drop 1 floor!
   591 | D:2      | Identified the +9 rapier "Cewoemo" {distort, rN+}
   596 | D:2      | Reached skill level 3 in Axes
   650 | D:2      | Reached XP level 3. HP: 23/23 MP: 3/3
   822 | D:2      | Found a faded altar of an unknown god.
  1287 | D:2      | Reached XP level 4. HP: 27/28 MP: 4/4
  1498 | D:3      | Reached skill level 4 in Axes
  1794 | D:3      | Reached XP level 5. HP: 31/32 MP: 5/5
  1926 | D:3      | Reached skill level 5 in Axes
  2759 | D:4      | Noticed a phantom
  2784 | D:4      | Killed a phantom
  2785 | D:4      | Reached XP level 6. HP: 28/37 MP: 6/6
  2977 | D:4      | Reached skill level 6 in Axes
  3037 | D:4      | Noticed Menkaure
  3043 | D:4      | Slain by Menkaure

Illustrated notes

Levels and vault maps discovered:
D:1:      dpeg_arrival_oval, layout_loops_ring
D:2:      layout_loops_cross, shapermc_ecumenical_altar_flowoftime
D:3:      minmay_chambers_of_threes, layout_rooms, gup_sewer_entry_spiral,
          hangedman_decor_clover_reticule
D:4:      layout_rooms, nicolae_uskayaw_dance_hall, uniq_menkaure

Skill      XL: |  1  2  3  4  5  6 |
---------------+-------------------+-----
Axes           | 2 3 4 5 6 |  6.0
Shields        | 4 |  4.1
Fighting       | |  3.2
Armour         | |  3.2

Action                     |  1- 3 |  4- 6 || total
---------------------------+-------+-------++-------
  Melee: War axe           |   131 |   176 ||   307
    Use: Scroll            |       |     8 ||     8
         Potion            |       |     2 ||     2
 Armour: Scale mail        |    83 |   177 ||   260
  Dodge: Dodged            |    53 |    92 ||   145
  Block: Buckler           |    31 |    55 ||    86

Table legend: (Time is in decaauts)
 A = Elapsed time spent in this place.
 B = Non-inter-level travel time spent in this place.
 C = Inter-level travel time spent in this place.
 D = Time resting spent in this place.
 E = Time spent auto-exploring this place.
 F = Levels seen in this place.
 G = Mean time per level.
                   A        B        C        D        E       F      G
               +--------+--------+--------+--------+--------+-----+--------+
         Total |   3186 |   2799 |    387 |      0 |   2091 |   4 |  796.5 |
       Dungeon |   3186 |   2799 |    387 |      0 |   2091 |   4 |  796.5 |
               +--------+--------+--------+--------+--------+-----+--------+

Top non-repeatable levels by time:
     D:3: 1054 daAuts
     D:2: 959 daAuts
     D:1: 834 daAuts
     D:4: 338 daAuts
